 Dungeon Crawl Stone Soup version 0.19.0-2-gae57169 (webtiles) character file.

47371 MDvedh the Severer (level 14, -15/125 HPs)
             Began as a Minotaur Transmuter on Nov 5, 2016.
             Was a High Priest of Qazlal.
             Demolished by an orc knight
             ... wielding a +0 great sword
              (28 damage)
             ... while paralysed by an orc sorcerer
             ... on level 1 of the Orcish Mines.
             The game lasted 00:37:11 (17110 turns).

MDvedh the Severer (Minotaur Transmuter)           Turns: 17110, Time: 00:37:11

Health: -15/125    AC: 24    Str: 19    XL:     14   Next: 8%
Magic:  21/21      EV:  2    Int: 10    God:    Qazlal [*****.]
Gold:   1215       SH:  0    Dex: 12    Spells: 1 memorised, 14 levels left

rFire  . . .     SeeInvis .     L - +2 war axe (freeze)
rCold  + . .     Gourm    .     e - +3 plate armour {rF+}
rNeg   . . .     Faith    .     (no shield)
rPois  +         Spirit   .     (helmet restricted)
rElec  .         Reflect  .     O - +1 cloak {+Inv}
rCorr  .         Harm     .     (no gloves)
MR     +....                    o - +0 pair of boots
Stlth  ..........               v - amulet of regeneration
                                N - ring of ice
                                F - ring of poison resistance

@: paralysed, protected from physical damage, repel missiles, drained
A: retaliatory headbutt, horns 2
a: Upheaval, Elemental Force, Disaster Area, Renounce Religion, Evoke
Invisibility


You were on level 1 of the Orcish Mines.
You worshipped Qazlal.
Qazlal was extremely pleased with you.
You were not hungry.

You visited 3 branches of the dungeon, and saw 18 of its levels.
You also visited: Ossuary and Ice Cave.

You collected 1538 gold pieces.
You spent 323 gold pieces at shops.

Inventory:

Hand Weapons
 h - a +5 hand axe of venom
 j - a +2 dagger of venom
 L - a +2 war axe of freezing (weapon)
Armour
 e - a +3 plate armour of fire resistance (worn)
 o - a +0 pair of boots (worn)
 O - a +1 cloak of invisibility (worn)
 P - the +4 chain mail of Exiobet {rN++ rCorr}
   (You found it on level 2 of the Lair of Beasts)

   It greatly protects you from negative energy.
   It protects you from acid and corrosion.
Jewellery
 v - an amulet of regeneration (around neck)
 F - a ring of poison resistance (left hand)
 K - an uncursed ring of ice
 N - a ring of ice (right hand)
 V - an uncursed amulet of magic regeneration {unknown}
Wands
 a - a wand of flame (23/48)
 b - a wand of slowing (22/48)
 w - a wand of lightning (11/15)
 y - a wand of digging (24/24)
 D - a wand of lightning (7/15)
 J - a wand of polymorph (0/24)
 T - a wand of slowing (28/48)
Scrolls
 c - a scroll of teleportation
 l - 3 scrolls of blinking
 u - 7 scrolls of remove curse
 z - 3 scrolls of magic mapping
 B - 5 scrolls of amnesia
 H - 3 scrolls of fear
 M - 2 scrolls of recharging
 Q - 3 scrolls of enchant armour
 R - a scroll of enchant weapon
 S - 2 scrolls of identify
Potions
 g - 9 potions of curing
 i - a potion of agility {unknown}
 k - a potion of haste {unknown}
 m - 2 potions of might
 p - 8 potions of flight
 q - 7 potions of mutation
 r - 3 potions of cancellation {unknown}
 s - 5 potions of lignification
 A - 2 potions of magic
 C - 2 potions of ambrosia
 G - 3 potions of invisibility
 I - a potion of resistance {unknown}
 X - 2 potions of brilliance
Books
 W - Deud's Disquisition on Dusty Air
   (You found it on level 6 of the Lair of Beasts)

   Spells                             Type                      Level
   a - Stone Arrow                    Conjuration/Earth            3
   b - Static Discharge               Conjuration/Air              3
   c - Airstrike                      Air                          4
   d - Petrify                        Transmutation/Earth          4
   e - Iron Shot                      Conjuration/Earth            6
Comestibles
 d - 11 bread rations
 f - 2 royal jellies
 n - 4 slices of pizza
 t - 10 fruits
 x - 10 beef jerkies
 E - 7 meat rations


   Skills:
 - Level 11.7(11.0) Fighting
 + Level 16.6(15.9) Axes
   Level 2.6(10.8) Polearms
 - Level 11.2(10.5) Armour
 - Level 9.8(9.1) Dodging
 - Level 3.2(2.7) Unarmed Combat
 - Level 1.3(0.8) Spellcasting
 - Level 1.5(1.0) Transmutations
 - Level 11.4(10.7) Invocations


You had 14 spell levels left.
You knew the following spells:

 Your Spells              Type           Power        Failure   Level  Hunger
a - Beastly Appendage     Tmut           #.....       100%        1    ##.....


Dungeon Overview and Level Annotations

Branches:
Dungeon (10/15)            Temple (0/1) D:4            Lair (6/6) D:8
  Swamp (0/4) Lair:3       Spider (0/4) Lair:3        Slime (0/5) Lair:5
    Orc (2/2) D:10
    Elf: Orc:2

Altars:
Dithmenos
Elyvilon
Hepliaklqana
Makhleb
Okawaru
Qazlal
Sif Muna
Uskayaw
Xom
The Shining One

Shops:
D:7 [   D:9 (   D:10 (

Annotations:
D:8 exclusion: door


Innate Abilities, Weirdness & Mutations

You reflexively headbutt those who attack you in melee.
You have a pair of horns on your head.


Message History

You resist with some effort.
The orc knight is engulfed in freezing vapours.
The ogre barely misses you. You furiously retaliate!
You headbutt the ogre!
The orc knight hits you with a great sword!!
You feel protected from physical attacks.
The orc sorcerer points at you and mumbles some strange words.
You suddenly lose the ability to move!
The orc knight is struck by lightning.
The orc knight hits you with a great sword!!
You feel more protected from physical attacks.
The orc sorcerer casts a spell.
The orc knight hits you with a great sword!!
* * * LOW HITPOINT WARNING * * *
You feel more protected from physical attacks.
The orc sorcerer no longer looks unusually strong.
The orc sorcerer hits you but does no damage.
The orc knight roars a battlecry!
The orc sorcerer goes into a battle-frenzy!
The orc knight hits you with a great sword!!
You die...

##.#####.##.##
#....##......#
##.....#..#.##
##........##
#........## ###
##........### ##.##
##.#.......####...##
##.......4oo##..#.##
###.......OO§o@.§....#
##.##.#....O##.#..##.##
#...###))..####...####
#....#<>..######.##
##....)[[####.####
#.....[[.###...#
#......[.......#
##....[.......##
##......#...##


You could see 2 orc knights, an orange demon, a two-headed ogre, an orc sorcerer
and 2 ogres.

Vanquished Creatures
  Snorg (Lair:3)
  Fannar (Lair:3)
  Harold (Lair:3)
  A hydra (Lair:2)
  Erolcha (D:10)
  An orc high priest (Orc:1)
  A hill giant (D:10)
  A necromancer (IceCv)
  Pikel (D:5)
  Maurice (D:10)
  Joseph (D:7)
  Psyche (D:9)
  4 black mambas
  An ice statue (IceCv)
  19 spiny frogs
  10 freezing wraiths (IceCv)
  3 rime drakes
  7 komodo dragons
  5 trolls
  A polar bear (Lair:2)
  2 tyrant leeches (Lair:6)
  A wolf spider simulacrum (IceCv)
  A two-headed ogre (Orc:1)
  A slime creature (Lair:5)
  15 blink frogs
  9 hippogriffs
  Prince Ribbit (D:5)
  3 hornets (Lair:3)
  Sigmund (D:5)
  12 spriggans (Lair:3)
  2 wyverns
  7 humans (D:9)
  20 yaks
  2 hungry ghosts
  2 death yak simulacra (IceCv)
  4 vampire mosquitoes (Lair:6)
  A steam dragon (D:10)
  6 swamp worms (Lair:3)
  4 wargs
  9 water moccasins
  7 porcupines
  7 orc warriors
  A slave (D:5)
  A black bear (D:8)
  An eye of draining (D:8)
  7 ice beasts
  2 necrophages
  3 boggarts (Lair:3)
  2 phantoms (D:10)
  5 centaurs
  6 ogres
  12 crocodiles
  3 big kobolds
  20 bullfrogs
  A scorpion (D:9)
  4 killer bees (D:10)
  4 wights (D:7)
  10 electric eels
  A howler monkey (D:10)
  6 crimson imps
  A bullfrog zombie (D:8)
  4 centaur zombies
  5 draconian simulacra (IceCv)
  A quasit (D:10)
  2 human zombies (Ossuary)
  7 jellies
  7 orc priests
  7 hounds
  10 orc wizards
  6 iguanas
  Jessica (D:3)
  A bullfrog skeleton (D:8)
  4 troll simulacra (IceCv)
  9 worker ants
  Terence (D:3)
  A polar bear simulacrum (IceCv)
  A spriggan simulacrum (IceCv)
  2 centaur simulacra (IceCv)
  2 hound zombies
  4 mummies (Ossuary)
  A howler monkey zombie (D:7)
  A worker ant zombie (D:6)
  Robin (D:2)
  9 gnolls
  A howler monkey skeleton (D:8)
  6 adders
  An ogre simulacrum (IceCv)
  6 naga simulacra (IceCv)
  2 shadow imps
  9 white imps (IceCv)
  3 adder skeletons
  An adder zombie (D:6)
  2 worms
  4 dart slugs
  4 leopard geckos
  50 orcs
  8 bats
  8 giant cockroaches
  2 gnoll zombies (Ossuary)
  14 goblins
  7 hobgoblins
  3 jackals
  30 kobolds
  5 quokkas
  4 ball pythons
  7 frilled lizards
  A hobgoblin zombie (Ossuary)
  A leopard gecko zombie (D:8)
  An orc zombie (Ossuary)
  A quokka skeleton (D:8)
  5 rats
  A bush (Lair:5)
  2 butterflies (Lair:3)
  20 fungi
  10 plants
575 creatures vanquished.

Vanquished Creatures (collateral kills)
  The ghost of Dustman the Fighter, a journeyman HuGl of Okawaru (IceCv)
  2 hydras
  The ghost of MovingMist the Blocker, a novice GrFi of Hepliaklqana (Lair:1)
  A black mamba (Lair:3)
  A spiny frog (Lair:6)
  A komodo dragon (Lair:5)
  A tyrant leech (Lair:6)
  A blink frog (Lair:3)
  A wyvern (Lair:6)
  2 yaks (Lair:6)
  A basilisk (Lair:6)
  3 bullfrogs (Lair:6)
  A naga simulacrum (IceCv)
  3 white imps (IceCv)
20 creatures vanquished.

Vanquished Creatures (others)
  An orc (D:5)
  2 fungi
  21 plants (Lair:6)
24 creatures vanquished.

Grand Total: 619 creatures vanquished

Notes
Turn   | Place    | Note
-------+----------+-------------------------------------------
     0 | D:1      | MDvedh the Minotaur Transmuter began the quest for the Orb.
     0 | D:1      | Reached XP level 1. HP: 16/16 MP: 1/1
   103 | D:1      | Reached XP level 2. HP: 25/25 MP: 3/3
   723 | D:1      | Reached skill level 1 in Armour
   723 | D:1      | Reached XP level 3. HP: 17/33 MP: 4/4
  1012 | D:2      | Found a stormy altar of Qazlal.
  1016 | D:2      | Found a shadowy altar of Dithmenos.
  1018 | D:2      | Found a white marble altar of Elyvilon.
  1048 | D:2      | Became a worshipper of Qazlal Stormbringer
  1080 | D:2      | Found a glowing golden altar of the Shining One.
  1326 | D:2      | Noticed Robin
  1333 | D:2      | Reached XP level 4. HP: 35/40 MP: 5/5
  1364 | D:2      | Killed Robin
  2092 | D:3      | Reached * piety under Qazlal
  2257 | D:3      | Noticed a water moccasin
  2277 | D:3      | Killed a water moccasin
  2277 | D:3      | Reached skill level 5 in Fighting
  2277 | D:3      | Reached XP level 5. HP: 37/48 MP: 6/6
  2452 | D:3      | Noticed Jessica
  2456 | D:3      | Killed Jessica
  2649 | D:3      | Reached skill level 1 in Polearms
  2649 | D:3      | Reached XP level 6. HP: 57/57 MP: 7/7
  2769 | D:3      | Noticed Terence
  2775 | D:3      | Killed Terence
  2809 | D:3      | Found an iron altar of Okawaru.
  2816 | D:3      | Reached skill level 1 in Axes
  2875 | D:3      | Reached skill level 2 in Axes
  3528 | D:4      | Reached skill level 3 in Axes
  3548 | D:4      | Reached XP level 7. HP: 25/62 MP: 8/8
  3548 | D:4      | Reached ** piety under Qazlal
  3548 | D:4      | Reached skill level 4 in Axes
  3866 | D:4      | Reached skill level 5 in Axes
  4054 | D:4      | Found a burning altar of Makhleb.
  4055 | D:4      | Found a staircase to the Ecumenical Temple.
  4216 | D:4      | Reached skill level 6 in Axes
  4335 | D:5      | Entered Level 5 of the Dungeon
  4335 | D:5      | Noticed Sigmund
  4554 | D:5      | Killed Sigmund
  4554 | D:5      | Reached skill level 7 in Axes
  4587 | D:5      | Reached XP level 8. HP: 66/70 MP: 9/9
  4633 | D:5      | Reached skill level 8 in Axes
  4651 | D:5      | Found a hide-covered altar of Uskayaw.
  4675 | D:5      | Noticed Pikel
  4687 | D:5      | Noticed Prince Ribbit
  4687 | D:5      | Killed Pikel
  4687 | D:5      | Reached skill level 10 in Axes
  4714 | D:5      | Killed Prince Ribbit
  4714 | D:5      | Reached skill level 11 in Axes
  4830 | D:5      | Reached skill level 1 in Invocations
  5053 | D:6      | Reached XP level 9. HP: 71/75 MP: 10/10
  5389 | D:6      | Found a hazy altar of Hepliaklqana.
  5577 | D:6      | Found a shimmering altar of Xom.
  5795 | D:7      | Reached skill level 12 in Axes
  5888 | D:7      | Found Xaichucw's Armour Boutique.
  5914 | D:7      | Reached *** piety under Qazlal
  6064 | D:7      | Found a sand-covered staircase.
  6087 | Ossuary  | Entered an ossuary
  6417 | D:7      | Reached skill level 5 in Invocations
  6441 | D:7      | Noticed Joseph
  6463 | D:7      | Killed Joseph
  6569 | D:7      | You fall through a shaft!
  6774 | D:8      | Reached skill level 13 in Axes
  6774 | D:8      | Reached XP level 10. HP: 80/82 MP: 13/13
  6954 | D:8      | Found a staircase to the Lair.
  7241 | D:8      | Found a deep blue altar of Sif Muna.
  7546 | D:9      | Reached **** piety under Qazlal
  7815 | D:9      | Reached skill level 14 in Axes
  7834 | D:9      | Noticed Psyche
  7839 | D:9      | Killed Psyche
  7900 | D:9      | Found a runed door.
  7996 | D:9      | Found Qutimaf's Antique Weapon Shop.
  7999 | D:9      | Bought a runed war axe for 323 gold pieces
  8038 | D:9      | Found a runed door.
  8298 | D:9      | Found a runed door.
  8305 | D:9      | Found a runed door.
  8307 | D:9      | Found a runed door.
  8309 | D:9      | Found a runed door.
  8356 | D:10     | Entered Level 10 of the Dungeon
  8362 | D:10     | Reached skill level 5 in Armour
  8434 | D:10     | Reached XP level 11. HP: 80/90 MP: 16/16
  8519 | D:10     | Found a staircase to the Orcish Mines.
  8524 | D:10     | Noticed Maurice
  8538 | D:10     | Killed Maurice
  8686 | D:10     | Noticed Erolcha
  8710 | D:10     | Killed Erolcha
  8820 | D:10     | Found Mail's Weapon Shoppe.
  8900 | D:10     | Noticed a hill giant
  8913 | D:10     | Killed a hill giant
  8913 | D:10     | Reached ***** piety under Qazlal
  8933 | D:10     | Noticed Sonja
  8934 | D:10     | Noticed Sonja
  8934 | D:10     | Sonja changed into Sonja the blink frog
  8942 | D:10     | Killed Sonja the blink frog
  8948 | D:10     | Reached skill level 5 in Dodging
  9446 | D:10     | Identified a scroll of acquirement
  9565 | Lair:1   | Entered Level 1 of the Lair of Beasts
  9624 | Lair:1   | Noticed MovingMist's ghost (novice GrFi)
  9633 | Lair:1   | Killed MovingMist's ghost
  9758 | Lair:1   | Found a dark tunnel.
 10618 | Lair:2   | Reached XP level 12. HP: 103/103 MP: 18/18
 10653 | Lair:2   | Got an ancient chain mail
 10664 | Lair:2   | Identified the +4 chain mail of Exiobet {rN++ rCorr} (You found it on level 2 of the Lair of Beasts)
 11158 | Lair:3   | Noticed an eight-headed hydra
 11187 | Lair:2   | Killed an eight-headed hydra
 11312 | Lair:2   | Reached skill level 10 in Invocations
 11552 | Lair:3   | Noticed Snorg
 11555 | Lair:3   | Noticed Fannar
 11565 | Lair:3   | Killed Snorg
 11572 | Lair:3   | Killed Fannar
 11572 | Lair:3   | Reached skill level 10 in Fighting
 11605 | Lair:3   | Found a hole to the Spider Nest.
 11979 | Lair:3   | Reached skill level 10 in Armour
 11988 | Lair:3   | Noticed Harold
 12010 | Lair:3   | Killed Harold
 12381 | Lair:3   | Reached XP level 13. HP: 84/114 MP: 20/20
 12393 | Lair:3   | Found a staircase to the Swamp.
 13441 | Lair:5   | Found a frozen archway.
 13457 | IceCv    | Entered an ice cave
 13880 | IceCv    | Noticed Dustman's ghost (journeyman HuGl)
 13920 | IceCv    | Killed Dustman's ghost
 13949 | IceCv    | Found an ancient bone altar of Kikubaaqudgha.
 14982 | Lair:5   | Found a staircase to the Slime Pits.
 15234 | Lair:6   | Entered Level 6 of the Lair of Beasts
 15307 | Lair:6   | Reached skill level 15 in Axes
 15658 | Lair:6   | Reached skill level 16 in Axes
 16121 | Lair:6   | Reached XP level 14. HP: 113/124 MP: 21/21
 16143 | Lair:6   | Identified Deud's Disquisition on Dusty Air
 16663 | Orc:1    | Entered Level 1 of the Orcish Mines
 16969 | Orc:2    | Entered Level 2 of the Orcish Mines
 17106 | Orc:1    | Paralysed by an orc sorcerer for 7 turns
 17110 | Orc:1    | Demolished by an orc knight

Skill      XL: |  1  2  3  4  5  6  7  8  9 10 11 12 13 |
---------------+----------------------------------------+-----
Fighting       | 2 3 4 5 6 9 10 11 | 11.7
Armour         | 1 3 4 5 8 10 11 | 11.2
Polearms       | 1 2 |  2.6
Axes           | 3 7 11 13 14 16 | 16.6
Invocations    | 1 5 8 9 10 11 | 11.4
Dodging        | 3 6 8 9 |  9.8
Unarmed Combat | |  3.2
Spellcasting   | |  1.3
Transmutations | |  1.5

Action                   |  1- 3 |  4- 6 |  7- 9 | 10-12 | 13-15 || total
-------------------------+-------+-------+-------+-------+-------++-------
Melee: Unarmed           |     6 |       |       |       |       ||     6
       Club              |     2 |       |       |       |       ||     2
       Headbutt          |     9 |    28 |    67 |   132 |   122 ||   358
       Kick              |     1 |       |       |       |       ||     1
       Dagger            |    69 |    78 |       |       |       ||   147
       Trident           |       |    22 |       |       |       ||    22
       Hand axe          |       |    43 |   317 |   740 |   305 ||  1405
       Punch             |       |       |     3 |     2 |     8 ||    13
       War axe           |       |       |       |       |   278 ||   278
 Cast: Beastly Appendage |     1 |       |       |       |       ||     1
Invok: Upheaval          |       |       |     3 |     1 |       ||     4
       Elemental Force   |       |       |     1 |     5 |     8 ||    14
 Abil: Evoke Invisibilit |       |       |       |     1 |       ||     1
Evoke: Wand              |       |       |       |     1 |       ||     1
  Use: Potion            |       |     2 |       |     1 |     1 ||     4
       Scroll            |       |     1 |    15 |     9 |     7 ||    32
 Stab: Distracted        |     1 |       |       |       |       ||     1
       Invisible         |       |       |       |     2 |       ||     2
  Eat: Chunk             |     1 |     1 |     4 |     8 |     5 ||    19
       Meat ration       |       |     1 |     2 |       |       ||     3
       Bread ration      |       |     1 |       |     2 |     3 ||     6
Armor: Robe              |    24 |    12 |       |       |       ||    36
       Ring mail         |       |    38 |     2 |       |       ||    40
       Chain mail        |       |       |    23 |       |       ||    23
       Plate armour      |       |       |   101 |   273 |   277 ||   651
Dodge: Dodged            |    48 |   117 |    59 |   154 |   212 ||   590
       Deflected         |       |       |       |     8 |     9 ||    17
Block: Other             |       |     6 |    23 |   121 |   128 ||   278
